 Dungeon Crawl Stone Soup version 0.30-a0-367-g839099abd5 (webtiles) character file.

Game seed: 5472155902546355452

29 Aramant the Poker (level 3, -7/49 HPs)
             Began as a Minotaur Berserker on Nov 18, 2022.
             Was a Follower of Trog.
             Mangled by a gnoll
             ... wielding a +0 halberd
              (12 damage)
             ... on level 4 of the Dungeon.
             The game lasted 00:04:30 (274 turns).

Aramant the Poker (Minotaur Berserker)               Turns: 274, Time: 00:04:31

Health: -7/49      AC:  3    Str: 23    XL:     3   Next: 1%
Magic:  2/2        EV: 12    Int:  4    God:    Trog [*.....]
Gold:   59         SH:  0    Dex:  9    Spells: 2/2 levels left

rFire   . . .      SeeInvis .    f - +2 hand axe (elec)
rCold   . . .      Faith    .    (no shield)
rNeg    . . .      Spirit   .    n - +0 leather armour
rPois   .          Reflect  .    (helmet restricted)
rElec   .          Harm     .    (no cloak)
rCorr   +          Rampage  .    (no gloves)
Will    .....                    (no boots)
Stlth   ..........               (no amulet)
HPRegen 0.28/turn                a - ring of resist corrosion
MPRegen 0.08/turn                (no ring)

@: berserking, very quick
A: horns 2, retaliatory headbutt
a: Renounce Religion, Berserk


You were on level 4 of the Dungeon.
You worshipped Trog.
Trog was aware of your devotion.
You visited 1 branch of the dungeon, and saw 4 of its levels.

You collected 59 gold pieces.

Inventory:

Hand Weapons
 f - a +2 hand axe of electrocution (weapon)
Armour
 n - a +0 leather armour (worn)
Jewellery
 a - a ring of resist corrosion (left hand)
Scrolls
 d - 2 scrolls of teleportation {unknown}
 e - a scroll of amnesia {unknown}
 h - a scroll of enchant armour {unknown}
 i - a scroll of magic mapping {unknown}
 j - 3 scrolls of identify {unknown}
 k - a scroll of summoning {unknown}
 l - a scroll of poison {unknown}
Potions
 c - a potion of magic {unknown}
 g - a potion of invisibility {unknown}
 m - a potion of haste {unknown}


   Skills:
 + Level 4.1 Fighting
 + Level 4.1 Polearms
 + Level 3.0 Armour
 + Level 2.5 Dodging


You had 2 spell levels left.
You didn't know any spells.
Your spell library was empty.

Dungeon Overview and Level Annotations

Branches:
Dungeon (4/15)
 Temple: D:4-7

Altars:


Innate Abilities, Weirdness & Mutations

You have a pair of horns on your head.
You reflexively headbutt those who attack you in melee.


Message History

Okay, then.
Okay, then.
Unknown command.
Unknown command.
The gnoll barely misses you.
A hobgoblin comes into view.
You closely miss the gnoll.
The hobgoblin shouts!
The gnoll closely misses you. The gnoll hits you with a +0 halberd!
You hit the gnoll.
The gnoll is heavily wounded.
The gnoll closely misses you. The gnoll hits you with a +0 halberd.
You barely miss the gnoll. Your headbutt misses the gnoll.
The gnoll is heavily wounded.
The gnoll closely misses you. The gnoll hits you with a +0 halberd!
* * * LOW HITPOINT WARNING * * *
The gnoll barely misses you. The gnoll closely misses you.
A red film seems to cover your vision as you go berserk!
You feel yourself moving faster!
You feel mighty! The gnoll completely misses you.
The gnoll hits you with a +0 halberd.
* * * LOW HITPOINT WARNING * * *
You closely miss the gnoll.
The gnoll is heavily wounded.
The gnoll closely misses you. The gnoll misses you.
You closely miss the gnoll.
The gnoll is heavily wounded.
You slash the gnoll!
You kill the gnoll!
Trog accepts your kill. The gnoll barely misses you.
Your Armour skill increases to level 3!
You have reached level 3!
Your experience leads to an increase in your attributes!
Increase (S)trength, (I)ntelligence, or (D)exterity?
You feel stronger. x2
You slash the hobgoblin!
You kill the hobgoblin!
Trog accepts your kill.
The gnoll hits you from afar with a +0 halberd!
You die...

. ......#..#........
....................
.....####.......####
...........######
##########.# .###
##### #.# #....
#...###.#
#.....##.......#
#....gg@...#####
#.....###### .....
####


You could see 2 gnolls.

Vanquished Creatures
  A gnoll (D:4)
  A dart slug (D:2)
  3 endoplasms (D:2)
  2 giant cockroaches (D:2)
  2 goblins (D:2)
  A hobgoblin (D:4)
  A jackal (D:2)
  A quokka (D:3)
  2 ball pythons (D:2)
  2 bats
  A frilled lizard (D:2)
17 creatures vanquished.

Notes
Turn   | Place    | Note
-------+----------+-------------------------------------------
     0 | D:1      | Aramant the Minotaur Berserker began the quest for the Orb.
     0 | D:1      | Reached XP level 1. HP: 19/19 MP: 0/0
    41 | D:2      | Reached XP level 2. HP: 27/27 MP: 1/1
   274 | D:4      | Reached XP level 3. HP: 5/33 MP: 2/2
   274 | D:4      | Mangled by a gnoll

Illustrated notes

Levels and vault maps discovered:
D:1:      minmay_arrival_open_corners, layout_basic
D:2:      layout_loops_ring, minmay_joined_circles
D:3:      layout_loops_cross, minmay_randomly_rotated_circles
D:4:      layout_loops_cross, eino_tiny_chamber

Skill      XL: |  1  2 |
---------------+-------+-----
Polearms       | 4 |  4.1
Fighting       | 4 |  4.1
Armour         | 3 |  3.0
Dodging        | |  2.5

Action                   || total
-------------------------++-------
Melee: Spear             ||    33
       Headbutt          ||     4
       Hand axe          ||    10
Invok: Berserk           ||     1
Armor: Animal skin       ||     8
Dodge: Dodged            ||    36

Table legend: (Time is in decaauts)
 A = Elapsed time spent in this place.
 B = Non-inter-level travel time spent in this place.
 C = Inter-level travel time spent in this place.
 D = Time resting spent in this place.
 E = Time spent auto-exploring this place.
 F = Levels seen in this place.
 G = Mean time per level.
                   A        B        C        D        E       F      G
               +--------+--------+--------+--------+--------+-----+--------+
         Total |    269 |    195 |     74 |      0 |      0 |   4 |   67.2 |
       Dungeon |    269 |    195 |     74 |      0 |      0 |   4 |   67.2 |
               +--------+--------+--------+--------+--------+-----+--------+

Top non-repeatable levels by time:
     D:2: 123 daAuts
     D:3: 97 daAuts
     D:4: 41 daAuts
     D:1: 8 daAuts
